 Dungeon Crawl Stone Soup version 0.27.0-1-g7a089689b8 (webtiles) character file.

Game seed: 18338121870827058862

411 dolemite99 the Grave Robber (level 6, -7/44 HPs)
             Began as a Gnoll Necromancer on Aug 4, 2021.
             Was a Priest of Cheibriados.
             Shot with an arrow by a centaur (10 damage)
             ... on level 5 of the Dungeon.
             The game lasted 00:05:06 (4677 turns).

dolemite99 the Grave Robber (Gnoll Necromancer)     Turns: 4677, Time: 00:05:06

Health: -7/44      AC:  4    Str: 16    XL:     6   Next: 90%
Magic:  8/14       EV: 15    Int: 24    God:    Cheibriados [***...]
Gold:   153        SH:  0    Dex: 20    Spells: 8/15 levels left

rFire    . . .     SeeInvis .   a - +3 dagger (venom)
rCold    . . .     Faith    .   (no shield)
rNeg     . . .     Spirit   .   f - +1 leather armour
rPois    .         Reflect  .   (no helmet)
rElec    .         Harm     .   (no cloak)
rCorr    .         Rampage  .   (no gloves)
Will     .....                  (no boots)
Stlth    +++.......             l - amulet of the acrobat
HPRegen  0.14/turn              (no ring)
MPRegen  0.14/turn              (no ring)

@: very slow
A: fangs 1, strong nose, distributed training
a: Renounce Religion, Bend Time, Temporal Distortion


You were on level 5 of the Dungeon.
You worshipped Cheibriados.
Cheibriados was most pleased with you.
You visited 1 branch of the dungeon, and saw 5 of its levels.

You collected 153 gold pieces.

Inventory:

Hand Weapons
 a - a +3 dagger of venom (weapon)
 i - a +0 flail
 k - a +0 hunting sling
 r - a +0 hand axe
 t - a +0 hand crossbow
 u - a +0 short sword
Missiles
 e - 64 bolts
 h - 70 stones
 n - 48 sling bullets
 w - 57 arrows
Armour
 f - a +1 leather armour (worn)
 x - a +0 robe
Jewellery
 j - a ring of resist corrosion
 l - an amulet of the acrobat (around neck)
 q - an amulet of reflection
Scrolls
 b - a scroll of identify {@r1}
 g - a scroll of amnesia
 m - a scroll of magic mapping
 o - a scroll of immolation
 p - a scroll of brand weapon {unknown}
 v - a scroll of teleportation
Potions
 c - 3 potions of might
 d - a potion of attraction {unknown}
 s - a potion of curing


   Skills:
 + Level 2.1 Fighting
 + Level 2.1 Short Blades
 + Level 2.1 Long Blades
 + Level 2.1 Axes
 + Level 2.1 Maces & Flails
 + Level 2.1 Polearms
 + Level 2.1 Staves
 + Level 2.1 Slings
 + Level 2.1 Bows
 + Level 2.1 Crossbows
 + Level 2.1 Throwing
 + Level 2.1 Armour
 + Level 5.1 Dodging
 + Level 4.7 Stealth
 + Level 2.1 Shields
 + Level 2.1 Unarmed Combat
 + Level 5.4 Spellcasting
 + Level 1.7 Conjurations
 + Level 1.7 Hexes
 + Level 1.7 Summonings
 + Level 7.3 Necromancy
 + Level 1.7 Translocations
 + Level 1.7 Transmutations
 + Level 1.7 Fire Magic
 + Level 1.7 Ice Magic
 + Level 1.7 Air Magic
 + Level 1.7 Earth Magic
 + Level 1.7 Poison Magic
 + Level 2.4 Invocations
 + Level 2.1 Evocations


You had 8 spell levels left.
You knew the following spells:

 Your Spells              Type           Power      Damage    Failure   Level
a - Pain                  Necr           100%       1d9       1%          1
b - Animate Skeleton      Necr           82%        N/A       1%          1
c - Vampiric Draining     Necr           20%        2d8       1%          3
d - Poisonous Vapours     Pois/Air       28%        N/A       8%          2

Your spell library contained the following spells:

 Spells                   Type           Power      Damage    Failure   Level
 Sting                    Tmut/Pois      56%        1d5       4%          1
 Animate Dead             Necr           20%        N/A       4%          4
 Agony                    Necr           41%        N/A       14%         5
 Olgreb's Toxic Radiance  Pois           14%        N/A       45%         4


Dungeon Overview and Level Annotations

Branches:
Dungeon (5/15)
 Temple: D:4-7

Altars:
Cheibriados
Dithmenos
Fedhas
Qazlal
Yredelemnul
The Shining One

Shops:
D:4 :


Innate Abilities, Weirdness & Mutations

You have very sharp teeth.
Your uncanny sense of smell can sniff out nearby items.
Your experience applies equally to all skills.


Message History

Press: ? - help, Shift-Dir - straight line, f - centaur
Aim: a centaur, quivering arrows (wandering, hasn't noticed you, chance to affect: 84%)
The centaur shouts!
The centaur writhes in agony.
The centaur wields a +0 shortbow.
The centaur shoots an arrow.
The arrow barely misses you.
The centaur shoots an arrow.
The arrow hits you!
Casting: Pain (safe; 1% risk of failure)
Confirm with . or Enter, or press ? or * to list all spells.
Aiming: Pain (safe; 1% risk of failure)
Press: ? - help, Shift-Dir - straight line, f/p - centaur
Aim: a centaur, wielding a +0 shortbow and quivering arrows (moderately wounded, chance to affect: 84%)
The centaur writhes in agony.
The centaur shoots an arrow.
The arrow hits you!
Casting: Pain (safe; 1% risk of failure)
Confirm with . or Enter, or press ? or * to list all spells.
Aiming: Pain (safe; 1% risk of failure)
Press: ? - help, Shift-Dir - straight line, f/p - centaur
Aim: a centaur, wielding a +0 shortbow and quivering arrows (moderately wounded, chance to affect: 84%)
The centaur writhes in agony.
The centaur shoots an arrow.
The arrow hits you!
* * * LOW HITPOINT WARNING * * *
Casting: Pain (safe; 1% risk of failure)
Confirm with . or Enter, or press ? or * to list all spells.
Aiming: Pain (safe; 1% risk of failure)
Press: ? - help, Shift-Dir - straight line, f/p - centaur
Aim: a centaur, wielding a +0 shortbow and quivering arrows (severely wounded, chance to affect: 84%)
The centaur barely resists.
The centaur shoots an arrow.
The arrow hits you.
* * * LOW HITPOINT WARNING * * *
Casting: Pain (safe; 1% risk of failure)
Confirm with . or Enter, or press ? or * to list all spells.
Aiming: Pain (safe; 1% risk of failure)
Press: ? - help, Shift-Dir - straight line, f/p - centaur
Aim: a centaur, wielding a +0 shortbow and quivering arrows (severely wounded, chance to affect: 84%)
The centaur barely resists.
Casting: Pain (safe; 1% risk of failure)
Confirm with . or Enter, or press ? or * to list all spells.
Aiming: Pain (safe; 1% risk of failure)
Press: ? - help, Shift-Dir - straight line, f/p - centaur
Aim: a centaur, wielding a +0 shortbow and quivering arrows (severely wounded, chance to affect: 84%)
The centaur writhes in agony.
The centaur shoots an arrow.
The arrow misses you.
The centaur shoots an arrow.
The arrow hits you!
You die...

#########.#### #.#
#....<.......# #.#
.#####.#.#..# #.#
#.#.#..# #.#
#.#.#..####.######
##.#.#........<...#
#..#.#.#####.####.#
####.##.#.# #.#
#..c.@..#.# #.#
#.##.##.#.. ... #
#..#.#.. ##. ∆
.....PPP .#
##...PP. .#
##.PP_PP .#


.PPP.P .. PP ... You could see a centaur.

Vanquished Creatures
  A black bear (D:4)
  A scorpion (D:3)
  A bullfrog (D:5)
  A jelly (D:4)
  2 hounds
  A river rat (D:4)
  3 adders
  An adder skeleton (D:4)
  A worm (D:4)
  2 orcs (D:4)
  5 ball pythons
  4 bats
  9 endoplasms
  3 giant cockroaches
  3 goblins
  6 hobgoblins
  8 jackals (D:2)
  3 quokkas
  5 frilled lizards
  4 kobolds
  6 rats
70 creatures vanquished.

Notes
Turn   | Place    | Note
-------+----------+-------------------------------------------
     0 | D:1      | dolemite99 the Gnoll Necromancer began the quest for the
                  | Orb.
     0 | D:1      | Reached XP level 1. HP: 13/13 MP: 6/6
    76 | D:1      | Found a faded altar of an unknown god.
    86 | D:1      | Became a worshipper of Cheibriados the Contemplative
    86 | D:1      | Reached * piety under Cheibriados
   225 | D:1      | Reached XP level 2. HP: 16/19 MP: 4/7
   986 | D:2      | Learned a level 1 spell: Animate Skeleton
  1016 | D:2      | Reached ** piety under Cheibriados
  1130 | D:2      | Reached XP level 3. HP: 22/25 MP: 5/9
  1136 | D:2      | Reached skill level 5 in Spellcasting
  1393 | D:2      | Reached skill level 1 in Invocations
  1607 | D:2      | Reached skill level 1 in Fighting
  1607 | D:2      | Reached skill level 1 in Short Blades
  1607 | D:2      | Reached skill level 1 in Long Blades
  1607 | D:2      | Reached skill level 1 in Axes
  1607 | D:2      | Reached skill level 1 in Maces & Flails
  1607 | D:2      | Reached skill level 1 in Polearms
  1607 | D:2      | Reached skill level 1 in Staves
  1607 | D:2      | Reached skill level 1 in Slings
  1607 | D:2      | Reached skill level 1 in Bows
  1607 | D:2      | Reached skill level 1 in Crossbows
  1607 | D:2      | Reached skill level 1 in Throwing
  1607 | D:2      | Reached skill level 1 in Armour
  1607 | D:2      | Reached skill level 1 in Shields
  1607 | D:2      | Reached skill level 1 in Unarmed Combat
  1607 | D:2      | Reached skill level 1 in Evocations
  1919 | D:3      | Found a stormy altar of Qazlal.
  1973 | D:3      | Found a basalt altar of Yredelemnul.
  2068 | D:3      | Reached XP level 4. HP: 28/32 MP: 6/11
  2188 | D:3      | Learned a level 3 spell: Vampiric Draining
  2287 | D:3      | Reached skill level 1 in Conjurations
  2287 | D:3      | Reached skill level 1 in Hexes
  2287 | D:3      | Reached skill level 1 in Summonings
  2287 | D:3      | Reached skill level 1 in Translocations
  2287 | D:3      | Reached skill level 1 in Transmutations
  2287 | D:3      | Reached skill level 1 in Fire Magic
  2287 | D:3      | Reached skill level 1 in Ice Magic
  2287 | D:3      | Reached skill level 1 in Air Magic
  2287 | D:3      | Reached skill level 1 in Earth Magic
  2287 | D:3      | Reached skill level 1 in Poison Magic
  2581 | D:3      | Reached *** piety under Cheibriados
  2878 | D:4      | Noticed a scorpion
  2888 | D:3      | Killed a scorpion
  2889 | D:3      | Reached XP level 5. HP: 22/37 MP: 6/12
  3269 | D:4      | Noticed a phantom
  3313 | D:5      | Entered Level 5 of the Dungeon
  3371 | D:4      | Found a shadowy altar of Dithmenos.
  3664 | D:4      | Found a glowing golden altar of the Shining One.
  3693 | D:4      | Learned a level 2 spell: Poisonous Vapours
  3730 | D:4      | Reached XP level 6. HP: 28/44 MP: 6/13
  3967 | D:4      | Found Gegaet's Self-Improvement Boutique.
  4247 | D:4      | Noticed a black bear
  4260 | D:4      | Killed a black bear
  4261 | D:4      | Reached skill level 5 in Dodging
  4628 | D:5      | Found a blossoming altar of Fedhas.
  4677 | D:5      | Shot with an arrow by a centaur

Illustrated notes

Levels and vault maps discovered:
D:1:      wander_arrival_lonely_grave, layout_basic, basic_ecumenical_altar
D:2:      layout_loops_ring
D:3:      layout_loops_corners, nicolae_qazlal_general_emergency,
          old_standard_altar
D:4:      black_bear_nest_1, layout_rooms, grunt_temple_overflow_open,
          portal_sewer_entry_e, nicolae_shop_self_help
D:5:      kb_forest_paths, layout_loops_ring, fedhas_bush_and_centaur_altar,
          uniq_edmund

Skill      XL: |  1  2  3  4  5  6 |
---------------+-------------------+-----
Spellcasting   | 5 |  5.4
Invocations    | 1 2 |  2.4
Fighting       | 1 2 |  2.1
Short Blades   | 1 2 |  2.1
Long Blades    | 1 2 |  2.1
Axes           | 1 2 |  2.1
Maces & Flails | 1 2 |  2.1
Polearms       | 1 2 |  2.1
Staves         | 1 2 |  2.1
Slings         | 1 2 |  2.1
Bows           | 1 2 |  2.1
Crossbows      | 1 2 |  2.1
Throwing       | 1 2 |  2.1
Armour         | 1 2 |  2.1
Shields        | 1 2 |  2.1
Unarmed Combat | 1 2 |  2.1
Evocations     | 1 2 |  2.1
Conjurations   | 1 |  1.7
Hexes          | 1 |  1.7
Summonings     | 1 |  1.7
Translocations | 1 |  1.7
Transmutations | 1 |  1.7
Fire Magic     | 1 |  1.7
Ice Magic      | 1 |  1.7
Air Magic      | 1 |  1.7
Earth Magic    | 1 |  1.7
Poison Magic   | 1 |  1.7
Dodging        | 5 |  5.1
Stealth        | |  4.7
Necromancy     | |  7.3

Action                   |  1- 3 |  4- 6 || total
-------------------------+-------+-------++-------
Melee: Flail             |     1 |       ||     1
       Dagger            |       |     6 ||     6
       Bite              |       |     1 ||     1
 Fire: Hand crossbow     |       |     3 ||     3
 Cast: Pain              |    61 |    79 ||   140
       Animate Skeleton  |       |     1 ||     1
  Use: Scroll            |       |     9 ||     9
Armor: Robe              |     4 |       ||     4
       Leather armour    |       |     7 ||     7
Dodge: Dodged            |    17 |    39 ||    56
